 Dungeon Crawl Stone Soup version 0.22-b1-26-g9dbaab1 (webtiles) character file.

102 Lew the Sneak (level 4, -8/43 HPs)
             Began as a Naga Fighter on Aug 7, 2018.
             Was a Follower of Dithmenos.
             Killed from afar by an electric eel (11 damage)
             ... with a bolt of electricity
             ... on level 3 of the Dungeon.
             The game lasted 00:10:26 (2973 turns).

Lew the Sneak (Naga Fighter)                        Turns: 2973, Time: 00:10:30

Health: -8/43      AC:  8    Str: 19    XL:     4   Next: 78%
Magic:  4/4        EV:  5    Int:  8    God:    Dithmenos [*.....]
Gold:   120        SH:  8    Dex: 11    Spells: 3/3 levels left

rFire    . . .     SeeInvis +   a - +0 war axe
rCold    . . .     Gourm    .   c - +0 shield
rNeg     . . .     Faith    .   b - +0 scale mail
rPois    +         Spirit   .   t - +0 helmet
rElec    .         Reflect  .   l - +1 cloak
rCorr    .         Harm     .   (no gloves)
MR       .....                  (no barding)
Stlth    ++........             m - amulet of magic regeneration
HPRegen  0.14/turn              i - ring of stealth
MPRegen  0.34/turn              (no ring)

@: wreathed by umbra, very slow
A: large, see invisible, deformed body, poison resistance, slowness 2, slow
metabolism 1, spit poison 1, AC +1
a: Spit Poison, Renounce Religion


You were on level 3 of the Dungeon.
You worshipped Dithmenos.
Dithmenos was aware of your devotion.
You were not hungry.

You visited 1 branch of the dungeon, and saw 3 of its levels.

You collected 120 gold pieces.

Inventory:

Hand Weapons
 a - a +0 war axe (weapon)
Armour
 b - a +0 scale mail (worn)
 c - a +0 shield (worn)
 l - a +1 cloak (worn)
 t - a +0 helmet (worn)
Jewellery
 i - a ring of stealth (left hand)
 m - an amulet of magic regeneration (around neck)
Wands
 u - a wand of flame (25)
Scrolls
 h - a scroll of teleportation
 r - a scroll of immolation
Potions
 d - a potion of might
 e - 2 potions of resistance {unknown}
 g - a potion of magic {unknown}
 j - a potion of ambrosia {unknown}
 k - a potion of haste {unknown}
 n - a potion of curing {unknown}
 o - a potion of degeneration {unknown}
 p - a potion of agility {unknown}
 s - 2 potions of flight {unknown}
Comestibles
 f - a ration


   Skills:
 - Level 3.6 Fighting
 - Level 2.7 Axes
 - Level 2.4 Armour
 - Level 1.2 Dodging
 * Level 4.1 Stealth
 - Level 2.4 Shields


You had 3 spell levels left.
You didn't know any spells.
Your spell library was empty.

Dungeon Overview and Level Annotations

Branches:
Dungeon (3/15)

Altars:
Cheibriados
Dithmenos
Ru
Uskayaw
Yredelemnul

Annotations:
D:3 1 transporter


Innate Abilities, Weirdness & Mutations

You cannot wear boots.
Your serpentine skin is tough. (AC +1)
You have supernaturally acute eyesight. (SInv)
Armour fits poorly on your strangely shaped body.
Your system is resistant to poisons. (rPois)
You cover ground very slowly.
You have a slow metabolism.
You can spit poison.


Message History

The puff of flame misses the electric eel.
The puff of flame hits the plant.
The plant is lightly damaged.
The electric eel is engulfed in a cloud of scalding steam.
The electric eel shoots out a bolt of lightning at you!
The bolt of electricity hits you!
Aiming: Throw Flame
Press: ? - help, Shift-Dir - straight line, f/p - electric eel
Aim: an electric eel (steam, moderately wounded)
The puff of flame hits the electric eel.
The electric eel is heavily wounded.
The plant is engulfed in a cloud of scalding steam.
The electric eel is engulfed in a cloud of scalding steam.
The electric eel shoots out a bolt of lightning at you!
The bolt of electricity hits you! x2
The electric eel shoots out a bolt of lightning at you!
The bolt of electricity hits you!
* * * LOW HITPOINT WARNING * * *
The bolt of electricity hits you!
You die...

......#######..###.#..........##.
.....## #..###..#..##......##.
......# ##.###......##......##.
...>..#####..##....##.##..######.
.......#............#..#.## #.
#....................#...# #.
#..###############....<.## #.
#..#8P#≈≈≈≈≈≈≈#P8#......# #.
...#..#P≈≈P;..#.@#.....## #.
..©#©?+≈≈P⌠≈..'.©#©..#.## #.
#..#..#≈≈≈P§..#..#...#..## #.
...#8P#≈≈≈≈≈;≈#P8#.......# #.
#..###############.......# #.
......(..................# #.
#...........#............# ##
...########.........###.## # #.##
##....#....####### #


You could see 2 electric eels.

Vanquished Creatures
  2 adders
  An ooze (D:3)
  3 worms (D:2)
  3 dart slugs
  2 leopard geckos
  An orc (D:3)
  5 giant cockroaches
  3 goblins
  9 hobgoblins
  4 jackals
  7 kobolds
  2 quokkas (D:3)
  10 bats
  4 frilled lizards
  3 rats
59 creatures vanquished.

Notes
Turn   | Place    | Note
-------+----------+-------------------------------------------
     0 | D:1      | Lew the Naga Fighter began the quest for the Orb.
     0 | D:1      | Reached XP level 1. HP: 21/21 MP: 1/1
    59 | D:1      | Reached skill level 1 in Stealth
    82 | D:1      | Reached XP level 2. HP: 24/28 MP: 2/2
   181 | D:1      | You fall through a shaft!
   304 | D:1      | Reached skill level 2 in Stealth
   498 | D:1      | Reached XP level 3. HP: 24/34 MP: 3/3
  1005 | D:2      | Reached skill level 3 in Stealth
  1221 | D:2      | Found a sacrificial altar of Ru.
  1221 | D:2      | Found a basalt altar of Yredelemnul.
  1226 | D:2      | Reached skill level 1 in Dodging
  1228 | D:2      | Found a snail-covered altar of Cheibriados.
  1231 | D:2      | Found a shadowy altar of Dithmenos.
  1233 | D:2      | Found a hide-covered altar of Uskayaw.
  1249 | D:2      | Became a worshipper of Dithmenos the Shadowed
  1534 | D:2      | Reached XP level 4. HP: 37/42 MP: 4/4
  2035 | D:3      | Found a transporter.
  2148 | D:3      | Found a faded altar of an unknown god.
  2213 | D:3      | Found a transporter.
  2396 | D:3      | Reached * piety under Dithmenos
  2444 | D:3      | Reached skill level 4 in Stealth
  2973 | D:3      | Killed from afar by an electric eel

Skill      XL: |  1  2  3  4 |
---------------+-------------+-----
Stealth        | 1 2 3 4 |  4.1
Dodging        | 1 |  1.2
Fighting       | |  3.6
Axes           | |  2.7
Armour         | |  2.4
Shields        | |  2.4

Action                   |  1- 3 |  4- 6 || total
-------------------------+-------+-------++-------
Melee: War axe           |   116 |   102 ||   218
Evoke: Wand              |       |     2 ||     2
  Use: Scroll            |       |     6 ||     6
  Eat: Chunk             |     1 |     1 ||     2
       Ration            |       |     1 ||     1
Armor: Scale mail        |    59 |    82 ||   141
Dodge: Dodged            |    28 |    33 ||    61
Block: Shield            |    56 |    73 ||   129
